 Dungeon Crawl Stone Soup version 0.25.1-8-g42b30a86e7 (webtiles) character file.

Game seed: 13968514500594137841

1999 hawla the Thaumaturge (level 9, -3/62 HPs)
             Began as a Grey Draconian Conjurer on Dec 5, 2020.
             Hit by a large rock thrown by a cyclops (32 damage)
             ... on level 7 of the Dungeon.
             The game lasted 00:19:30 (7578 turns).

hawla the Thaumaturge (Grey Draconian Conjurer)     Turns: 7578, Time: 00:19:30

Health: -3/62      AC: 12    Str: 11    XL:     9   Next: 2%
Magic:  16/23      EV: 12    Int: 19    God:
Gold:   362        SH:  0    Dex: 11    Spells: 22/29 levels left

rFire    + . .     SeeInvis +   (no weapon)
rCold    + . .     Gourm    .   (no shield)
rNeg     . . .     Faith    .   (armour unavailable)
rPois    .         Spirit   .   (helmet restricted)
rElec    .         Reflect  .   k - scarf {rC+ rF+}
rCorr    .         Harm     .   (no gloves)
MR       .....                  (no boots)
Stlth    ++........             (no amulet)
HPRegen  0.20/turn              a - ring of see invisible
MPRegen  0.18/turn              (no ring)

@: no status effects
A: walk through water, unfitting armour, big wings, unbreathing, cold-blooded,
subdued magic 1, AC +12
a: Fly


You were on level 7 of the Dungeon.
You were not hungry.

You visited 2 branches of the dungeon, and saw 8 of its levels.

You collected 362 gold pieces.

Inventory:

Missiles
 p - 21 poisoned darts (quivered)
 u - 5 boomerangs
Armour
 k - a scarf of resistance (worn)
Jewellery
 a - a ring of see invisible (left hand)
Wands
 d - a wand of flame (19)
 e - a wand of acid (12)
 i - a wand of digging (3)
 o - a wand of random effects (24)
Scrolls
 g - a scroll of enchant weapon {unknown}
 n - 4 scrolls of identify
 q - a scroll of magic mapping {unknown}
Potions
 c - a potion of cancellation
 f - 3 potions of curing
 h - 2 potions of flight
 j - a potion of magic
 l - a potion of brilliance
 r - a potion of haste {unknown}
Comestibles
 b - 9 rations


   Skills:
 - Level 1.7 Dodging
 - Level 1.7 Stealth
 - Level 10.8 Spellcasting
 + Level 4.1 Conjurations
 + Level 0.6 Translocations


You had 22 spell levels left.
You knew the following spells:

 Your Spells              Type           Power        Failure   Level  Hunger
a - Magic Dart            Conj           ###.         1%          1    None
b - Searing Ray           Conj           ###...       1%          2    None
c - Iskenderun's Mystic   Conj/Tloc      ##......     22%         4    ##.....

Your spell library contained the following spells:

 Spells                   Type           Power        Failure   Level  Hunger
 Corona                   Hex            #......      5%          1    None
 Dazzling Flash           Conj/Hex       ##....       7%          3    None
 Ensorcelled Hibernation  Hex/Ice        #.....       9%          2    None
 Confusing Touch          Hex            #.......     17%         3    None
 Tukima's Dance           Hex            #.......     17%         3    None
 Fulminant Prism          Conj/Hex       ##........   24%         4    ##.....


Dungeon Overview and Level Annotations

Branches:
Dungeon (7/15)             Temple (1/1) D:4

Altars:
Cheibriados
Dithmenos
Elyvilon
Fedhas
Gozag
Hepliaklqana
Makhleb
Nemelex Xobeh
Okawaru
Qazlal
Ru
Sif Muna
Trog
Wu Jian
Xom
Yredelemnul
Zin
The Shining One
Lugonu


Innate Abilities, Weirdness & Mutations

You can walk through water.
Your dull iron-grey scales are very hard. (AC +12)
You cannot fit into any form of body armour.
You can survive without breathing.
You are cold-blooded and may be slowed by cold attacks.
Your large and strong wings let you fly indefinitely.
Your spells are a little easier to cast, but a little less powerful.


Message History

Aiming: Searing Ray (safe; 1% risk of failure)
Press: ? - help, Shift-Dir - straight line, f/p - bullfrog
Aim: a bullfrog (moderately wounded)
The searing ray hits the bullfrog!
The bullfrog is severely wounded. (Press . to maintain the ray.)
The bullfrog misses you.
The searing ray hits the bullfrog.
The bullfrog is almost dead.
The bullfrog hits you.
The cyclops throws a large rock.
The large rock hits you!!
The searing ray hits the bullfrog!
You kill the bullfrog!
You have reached level 9!
Your experience leads to an increase in your attributes!
Increase (S)trength, (I)ntelligence, or (D)exterity?
You feel clever.
Your scales feel tougher.
The cyclops throws a large rock.
The large rock hits you!!
Ouch! That really hurt!
You die...

#.#.# ###......
?)...##........
..............
............##
.............#
.............
#........#
#....@F.#
#.#..........
#..........
......##....
.......# ...
.......... .C
........#$ .
..)........


You could see a cyclops and a bullfrog.

Vanquished Creatures
  Grinder (D:6)
  Sigmund (D:5)
  Menkaure (D:5)
  A water moccasin (D:6)
  An ice beast (D:6)
  A sky beast (D:3)
  A black bear (D:6)
  2 phantoms (D:5)
  An ogre (D:5)
  A centaur (D:5)
  A bullfrog (D:7)
  2 scorpions
  3 orc priests (D:5)
  2 orc wizards
  A hound (D:5)
  A bullfrog zombie (D:5)
  A gnoll shaman (D:5)
  2 iguanas (D:5)
  4 worker ants
  6 gnolls
  7 adders
  A shadow imp (D:3)
  An adder skeleton (D:2)
  An adder zombie (D:5)
  3 worms
  A dart slug (D:1)
  3 leopard geckos
  13 orcs
  3 ball pythons
  10 giant cockroaches
  8 goblins
  8 hobgoblins
  10 jackals
  3 quokkas
  8 bats
  3 frilled lizards
  9 kobolds
  6 rats
132 creatures vanquished.

Vanquished Creatures (others)
  A quokka (D:3)
1 creature vanquished.

Grand Total: 133 creatures vanquished

Notes
Turn   | Place    | Note
-------+----------+-------------------------------------------
     0 | D:1      | hawla the Draconian Conjurer began the quest for the Orb.
     0 | D:1      | Reached XP level 1. HP: 14/14 MP: 3/3
   223 | D:1      | Reached XP level 2. HP: 20/20 MP: 3/5
   579 | D:1      | Reached skill level 3 in Spellcasting
  1045 | D:2      | Found a faded altar of an unknown god.
  1131 | D:2      | Reached XP level 3. HP: 26/26 MP: 5/7
  1511 | D:2      | Learned a level 2 spell: Searing Ray
  1547 | D:2      | Found a shadowy altar of Dithmenos.
  2075 | D:3      | Found a stormy altar of Qazlal.
  2146 | D:3      | Reached skill level 4 in Spellcasting
  2146 | D:3      | Reached XP level 4. HP: 30/33 MP: 0/10
  2671 | D:3      | Found a blossoming altar of Fedhas.
  2803 | D:3      | Found a glowing golden altar of the Shining One.
  2804 | D:3      | Found a basalt altar of Yredelemnul.
  2882 | D:3      | Reached XP level 5. HP: 35/38 MP: 0/12
  3154 | D:3      | Found a white marble altar of Elyvilon.
  3167 | D:3      | Reached skill level 5 in Spellcasting
  3405 | D:3      | Noticed a sky beast
  3424 | D:3      | Killed a sky beast
  3688 | D:4      | Reached XP level 6. HP: 43/45 MP: 6/14
  3700 | D:4      | Reached skill level 6 in Spellcasting
  3963 | D:4      | Found a staircase to the Ecumenical Temple.
  4080 | D:4      | Found a shimmering blue altar of Sif Muna.
  4114 | D:4      | Found an ornate altar of the Wu Jian Council.
  4453 | D:4      | Gained mutation: You do not regenerate when monsters are
                  | visible. [potion of mutation]
  4453 | D:4      | Gained mutation: Your large and strong wings let you fly
                  | indefinitely. [potion of mutation]
  4454 | D:4      | Lost mutation: Your large and strong wings let you fly
                  | indefinitely. [potion of mutation]
  4454 | D:4      | Lost mutation: You do not regenerate when monsters are
                  | visible. [potion of mutation]
  4454 | D:4      | Gained mutation: Your body sometimes deteriorates upon
                  | taking damage. [potion of mutation]
  4454 | D:4      | Gained mutation: You have an increased reservoir of magic.
                  | (+10% MP) [potion of mutation]
  4455 | D:4      | Lost mutation: Your body sometimes deteriorates upon taking
                  | damage. [potion of mutation]
  4455 | D:4      | Lost mutation: You have an increased reservoir of magic.
                  | (+10% MP) [potion of mutation]
  4455 | D:4      | Gained mutation: Your spells are a little easier to cast,
                  | but a little less powerful. [potion of mutation]
  4455 | D:4      | Gained mutation: Your muscles are strong. (Str +2) [potion
                  | of mutation]
  4497 | D:5      | Entered Level 5 of the Dungeon
  4537 | D:4      | Learned a level 4 spell: Iskenderun's Mystic Blast
  4846 | D:5      | Found a hazy altar of Hepliaklqana.
  4898 | D:5      | Reached skill level 7 in Spellcasting
  4898 | D:5      | Your scales start taking on a dull iron-grey colour.
  4898 | D:5      | Reached XP level 7. HP: 39/50 MP: 0/17
  4898 | D:5      | Gained mutation: You can survive without breathing. [Grey
                  | Draconian growth]
  4965 | Temple   | Entered the Ecumenical Temple
  5626 | D:5      | Noticed Menkaure
  5630 | D:5      | Killed Menkaure
  5630 | D:5      | Reached skill level 8 in Spellcasting
  5960 | D:5      | Reached XP level 8. HP: 52/57 MP: 13/20
  6138 | D:5      | Reached skill level 9 in Spellcasting
  6269 | D:5      | Found a glowing silver altar of Zin.
  6269 | D:5      | Found a snail-covered altar of Cheibriados.
  6408 | D:5      | Noticed Sigmund
  6503 | D:5      | Lost mutation: Your muscles are strong. (Str +2) [potion of
                  | mutation]
  6503 | D:5      | Lost mutation: Your spells are a little easier to cast, but
                  | a little less powerful. [potion of mutation]
  6503 | D:5      | Gained mutation: Your spells are a little easier to cast,
                  | but a little less powerful. [potion of mutation]
  6503 | D:5      | Gained mutation: Your large and strong wings let you fly
                  | indefinitely. [potion of mutation]
  6595 | D:5      | Killed Sigmund
  6791 | D:6      | Found a shimmering altar of Xom.
  6791 | D:6      | Found a sparkling altar of Nemelex Xobeh.
  6867 | D:6      | Reached skill level 10 in Spellcasting
  6992 | D:6      | Found an ornate altar of the Wu Jian Council.
  7262 | D:6      | Noticed Grinder
  7270 | D:6      | Killed Grinder
  7575 | D:7      | Noticed a cyclops
  7578 | D:7      | Reached XP level 9. HP: 29/62 MP: 17/23
  7578 | D:7      | Hit by a large rock thrown by a cyclops

Illustrated notes

Levels and vault maps discovered:
D:1:      onia_arrival_pyramid, layout_basic, minmay_liquid_box
D:2:      layout_loops_ring, lemuel_doored_altar,
          chequers_ecumenical_altar_island, minmay_misc_feat_plants
D:3:      layout_basic, nicolae_overflow_hidden_temple, lemuel_round_altar,
          overflow_temple_1_default, elyvilon_altar_4, st_stairs_13,
          fedhas_ov_isle_minmay
D:4:      layout_rooms, marbit_many_paths, minmay_temple_entry_glass,
          chequers_serial_rivers_micro_c, hangedman_decor_points,
          kennysheep_flooded_box
D:5:      layout_loops_corners, lemuel_round_altar,
          gammafunk_temple_overflow_elements, first_ration, uniq_menkaure,
          uniq_sigmund
D:6:      layout_loops_ring, kennysheep_little_box, xom_butterflies,
          basic_altar, corexii_mini_fake_secret_closet, uniq_grinder
D:7:      layout_cave_pools, lemuel_round_altar, kennysheep_mini
Temple:   corrupted_temple

Skill      XL: |  1  2  3  4  5  6  7  8 |
---------------+-------------------------+-----
Spellcasting   | 3 4 5 7 8 10 | 10.8
Dodging        | |  1.7
Stealth        | |  1.7
Conjurations   | |  4.1
Translocations | |  0.6

Action                   |  1- 3 |  4- 6 |  7- 9 || total
-------------------------+-------+-------+-------++-------
Melee: Unarmed           |    16 |    11 |     6 ||    33
       Tailslap          |     3 |       |     1 ||     4
 Cast: Magic Dart        |    81 |    58 |    43 ||   182
       Searing Ray       |    10 |    29 |    46 ||    85
       Iskenderun's Myst |       |     1 |     3 ||     4
  Use: Scroll            |     4 |     8 |     5 ||    17
       Potion            |       |     4 |     2 ||     6
  Eat: Chunk             |     4 |     9 |     8 ||    21
Armor: Skin              |    14 |     7 |    22 ||    43
Dodge: Dodged            |    18 |    12 |    34 ||    64
